 Dungeon Crawl Stone Soup version 0.28.0-53-g5a82cb258f (webtiles) character file.

Game seed: 880601514218296087

256120 Gabide the Slayer (level 19, -9/195 HPs)
             Began as a Black Draconian Monk on June 14, 2022.
             Was the Champion of Dithmenos.
             Killed from afar by a fire giant (38 damage)
             ... with a fireball
             ... on level 1 of the Depths on June 15, 2022.
             The game lasted 01:33:28 (54096 turns).

Gabide the Slayer (Black Draconian Monk)           Turns: 54096, Time: 01:33:28

Health: -9/195     AC: 23    Str: 19    XL:     19   Next: 6%
Magic:  1/19       EV: 41    Int: 16    God:    Dithmenos [******]
Gold:   3479       SH:  9    Dex: 21    Spells: 18/18 levels left

rFire   . . .      SeeInvis +   j - +7 demon whip (flame)
rCold   . . .      Faith    .   C - +3 buckler
rNeg    . . .      Spirit   .   (armour unavailable)
rPois   .          Reflect  .   (helmet restricted)
rElec   +          Harm     .   y - +2 cloak
rCorr   .          Rampage  .   k - +2 pair of gloves {infuse}
Will    ++...                   i - +2 pair of boots
Stlth   ++++......              T - amulet of the acrobat
HPRegen 0.42/turn               c - ring of Hisuf {Will+ Str+4 Int+6 SInv}
MPRegen 0.16/turn               o - +4 ring of protection

@: short of breath, acrobatic, flying, wreathed by umbra
A: breathe lightning, AC +10, unfitting armour, big wings, electricity
resistance, cold-blooded
}: 2/15 runes: decaying, serpentine
a: Breathe Lightning, Renounce Religion, Shadow Step, Shadow Form


You were on level 1 of the Depths.
You worshipped Dithmenos.
Dithmenos was exalted by your worship.
You visited 7 branches of the dungeon, and saw 33 of its levels.
You also visited: Gauntlet and Volcano.

You collected 5837 gold pieces.
You spent 2358 gold pieces at shops.

Inventory:

Hand Weapons
 e - a +2 great mace of protection
 j - a +7 demon whip of flaming (weapon)
 v - the +7 morningstar of Exacy {vamp, rElec rC+}
   (You bought it in a shop on level 9 of the Dungeon)

   It occasionally heals its wielder for a portion of the damage dealt when it
   wounds a living foe.
   rC:        It protects you from cold.
   rElec:     It insulates you from electricity.
 Z - a +2 demon whip of electrocution
Missiles
 G - 4 throwing nets
 Q - 7 javelins
Armour
 i - a +2 pair of boots (worn)
 k - a +2 pair of gloves of infusion (worn)
 y - a +2 cloak (worn)
 C - a +3 buckler (worn)
Jewellery
 c - the ring of Hisuf (left hand) {Will+ Str+4 Int+6 SInv}
   (You found it in a Gauntlet)

   [ring of intelligence]

   Str:       It affects your strength (+4).
   Int:       It affects your intelligence (+6).
   SInv:      It lets you see invisible.
   Will:      It increases your willpower.
 n - a +6 ring of dexterity
 o - a +4 ring of protection (right hand)
 H - a ring of positive energy
 I - a ring of protection from cold
 L - a ring of willpower
 O - a +4 ring of evasion
 T - an amulet of the acrobat (around neck)
 X - a ring of fire
Wands
 b - a wand of iceblast (29) (quivered)
 m - a wand of digging (24)
 p - a wand of mindburst (10)
 B - a wand of charming (16)
 E - a wand of polymorph (32)
 J - a wand of paralysis (44)
 U - a wand of flame (14)
 W - a wand of acid (11)
Scrolls
 d - a scroll of brand weapon
 g - 5 scrolls of immolation
 h - 5 scrolls of magic mapping
 l - 2 scrolls of silence
 u - 5 scrolls of vulnerability
 z - 3 scrolls of amnesia
 A - 7 scrolls of noise
 F - 2 scrolls of blinking
 K - 5 scrolls of fear
 M - 4 scrolls of teleportation
Potions
 a - 9 potions of haste
 f - 6 potions of might
 q - 4 potions of lignification
 r - 8 potions of curing
 s - 4 potions of invisibility
 t - 4 potions of attraction
 w - a potion of berserk rage
 x - 2 potions of ambrosia
 N - 3 potions of brilliance
 P - a potion of cancellation
 R - 2 potions of resistance
 S - 7 potions of mutation
 Y - 3 potions of heal wounds
Miscellaneous
 D - a tin of tremorstones (2/2)
 V - a lightning rod (4/4)


   Skills:
 + Level 23.4 Fighting
 + Level 20.2 Maces & Flails
 + Level 18.8 Dodging
 - Level 1.7 Stealth
 - Level 5.0 Shields
 - Level 4.4 Unarmed Combat


You had 18 spell levels left.
You didn't know any spells.
Your spell library contained the following spells:

 Spells                   Type           Power      Damage    Failure   Level
 Animate Skeleton         Necr           0%         N/A       32%         1
 Beastly Appendage        Tmut           0%         N/A       32%         1
 Pain                     Necr           0%         1d4       32%         1
 Shock                    Conj/Air       0%         1d3       32%         1
 Slow                     Hex            0%         N/A       32%         1
 Summon Small Mammal      Summ           0%         N/A       32%         1
 Blink                    Tloc           0%         N/A       43%         2
 Ensorcelled Hibernation  Hex/Ice        0%         N/A       43%         2
 Passwall                 Tmut/Erth      0%         N/A       43%         2
 Static Discharge         Conj/Air       0%         N/A       43%         2
 Sublimation of Blood     Necr           0%         N/A       43%         2
 Wereblood                Tmut           0%         N/A       43%         2
 Call Canine Familiar     Summ           0%         N/A       67%         3
 Confusing Touch          Hex            0%         N/A       67%         3
 Gell's Gravitas          Tloc           0%         N/A       67%         3
 Ignite Poison            Fire/Tmut/Pois 0%         N/A       67%         3
 Lesser Beckoning         Tloc           0%         N/A       67%         3
 Ozocubu's Armour         Ice            0%         N/A       67%         3
 Portal Projectile        Hex/Tloc       0%         N/A       67%         3
 Spider Form              Tmut/Pois      0%         N/A       67%         3
 Stone Arrow              Conj/Erth      0%         3d7       67%         3
 Summon Guardian Golem    Hex/Summ       0%         N/A       67%         3
 Swiftness                Air            0%         N/A       67%         3
 Teleport Other           Tloc           0%         N/A       67%         3
 Vampiric Draining        Necr           0%         2d6       67%         3
 Airstrike                Air            0%         N/A       97%         4
 Animate Dead             Necr           0%         N/A       97%         4
 Dispel Undead            Necr           0%         3d6       97%         4
 Fulminant Prism          Conj/Hex       0%         3d6       97%         4
 Iskenderun's Mystic Bla  Conj/Tloc      0%         2d3       97%         4
 Leda's Liquefaction      Hex/Erth       0%         N/A       97%         4
 Sticky Flame             Conj/Fire      0%         2d3       97%         4
 Borgnjor's Vile Clutch   Necr/Erth      0%         N/A       100%        5
 Lee's Rapid Deconstruct  Erth           0%         3d5*      100%        5
 Lightning Bolt           Conj/Air       0%         1d11      100%        5
 Manifold Assault         Tloc           0%         N/A       100%        5
 Metabolic Englaciation   Hex/Ice        0%         N/A       100%        5
 Summon Forest            Summ/Tloc      0%         N/A       100%        5
 Summon Mana Viper        Hex/Summ       0%         N/A       100%        5
 Conjure Ball Lightning   Conj/Air       0%         3x3d6     100%        6
 Death Channel            Necr           0%         N/A       100%        6
 Dispersal                Tloc           0%         N/A       100%        6
 Simulacrum               Ice/Necr       0%         N/A       100%        6
 Statue Form              Tmut/Erth      0%         N/A       100%        6
 Summon Cactus Giant      Summ           0%         N/A       100%        6
 Dragon Form              Tmut           0%         N/A       100%        7
 Haunt                    Necr/Summ      0%         N/A       100%        7
 Storm Form               Tmut/Air       0%         N/A       100%        7
 Summon Hydra             Summ           0%         N/A       100%        7
 Discord                  Hex            0%         N/A       100%        8
 Disjunction              Tloc           0%         N/A       100%        8
 Infestation              Necr           0%         N/A       100%        8
 Lehudib's Crystal Spear  Conj/Erth      0%         10d2      100%        8
 Maxwell's Capacitive Co  Air            0%         ∞         100%        8
 Animate Armour           Summ/Erth      Unusable   N/A       N/A         4

Dungeon Overview and Level Annotations

Branches:
Dungeon (15/15)            Temple (1/1) D:4            Lair (6/6) D:10
  Swamp (4/4) Lair:2        Snake (4/4) Lair:2        Slime (0/5) Lair:6
    Orc (2/2) D:10            Elf (0/3) Orc:2        Vaults (0/5) D:13
 Depths (1/4) D:15        Volcano (visited)         Gauntlet (visited)

Altars:
Ashenzari
Cheibriados
Dithmenos
Elyvilon
Fedhas
Gozag
Hepliaklqana
Kikubaaqudgha
Makhleb
Nemelex Xobeh
Okawaru
Qazlal
Ru
Sif Muna
Trog
Uskayaw
Vehumet
Wu Jian
Xom
Yredelemnul
Zin
The Shining One
Beogh

Shops:
D:9 !!(   D:11 *   D:12 *   Orc:2 (*?[

Portals:
Hell: Depths:1

Annotations:
D:9 exclusion: obsidian statue
Depths:1 7 transporters, Etaloh's ghost, adept TeAE


Innate Abilities, Weirdness & Mutations

You can breathe wild blasts of lightning.
Your glossy black scales are hard. (AC +10)
You cannot fit into any form of body armour.
Your large and strong wings let you fly.
You are resistant to electric shocks. (rElec)
You are cold-blooded and may be slowed by cold attacks.


Message History

You kill the spriggan berserker!
Dithmenos accepts your kill.
The orb of electricity engulfs the fire giant!!
The fire giant is moderately wounded.
The orb of electricity engulfs you. You resist.
* * * LOW HITPOINT WARNING * * *
The orb of electricity engulfs the spriggan defender!!!
You kill the spriggan defender!
Dithmenos accepts your kill.
The orb of electricity explodes!
The orb of electricity engulfs the fire giant.
The fire giant is moderately wounded.
Dithmenos accepts your kill.
You feel a bit more experienced. Dithmenos accepts your kill.
You feel a bit more experienced. The orb of electricity engulfs you!
You resist.
* * * LOW HITPOINT WARNING * * *
You hear a shout!
Your life force feels restored.
Okay, then.
Unknown command.
Unknown command.
Unknown command.
Unknown command.
Press: ? - help, v - describe, . - travel, g - get item
Here: a fire giant, wielding a +0 great sword of flaming (black smoke, moderately wounded, umbra)
Items here: !! ))) ??? [[[[[ ††.
The floor, spattered with blood.
Unknown command.
The fire giant points at you and mumbles some strange words.
The bolt of fire misses you.
Things that are here:
a +3 flail of protection; a +0 robe; a +2 buckler You see here a +0 robe.
Unknown command.
Unknown command.
The fire giant casts a spell at you.
The fireball explodes!
The fireball engulfs you!!!
You die...

...##.## #.#
......# #.# #######
#.# #.# ####.##
#.....# #.###.# #
##.###.#
©..###..©##@######.
.©.....©....)......
.©#.#©[.#..#######
# ##§##..##
#..####§§C...#
#i§§§§§§###.#
#i#####.# .# #..#
+# '....


You could see a fire giant.

Vanquished Creatures
  Vashnia (Snake:4)
  the Lernaean hydra (Swamp:4)
  Nikola (Depths:1)
  the Enchantress (Depths:1)
  Jorgrun (Snake:1)
  A tentacled monstrosity (Swamp:4)
  Rupert (D:12)
  Mlioglotl (Snake:1)
  Kirke (Lair:4)
  A tengu reaver (Depths:1)
  7 nagarajas (Snake:4)
  A fire giant (Depths:1)
  Roxanne (Swamp:3)
  2 fenstrider witches
  A balrug (Depths:1)
  Aizul (Snake:1)
  An iron dragon (Depths:1)
  Louise (Swamp:1)
  3 spriggan defenders (Depths:1)
  4 very ugly things (Depths:1)
  2 eleionomae
  Azrael (D:15)
  4 bunyips
  A minotaur (Gauntlet)
  A blizzard demon (Depths:1)
  An ettin (D:13)
  4 fire dragons
  Harold (D:8)
  13 naga warriors
  A salamander tyrant (Snake:3)
  24 hydras
  2 great orbs of eyes
  5 boulder beetles
  An ice dragon (D:13)
  2 spriggan air magi
  3 rakshasas
  An ogre mage (D:15)
  A hell beast (Depths:1)
  The ghost of Duralumin the Severer, a journeyman FoFi of Okawaru (Lair:2)
  14 anacondas
  9 centaur warriors
  9 two-headed ogres
  A ghost crab (Swamp:4)
  6 alligators
  2 catoblepae
  3 spriggan berserkers
  3 tengu warriors
  Urug (D:11)
  A hell knight (Volcano)
  A vampire mage (Depths:1)
  9 shock serpents
  11 naga sharpshooters
  A soul eater (Depths:1)
  3 salamander mystics
  8 skeletal warriors
  4 goliath frogs
  An orb spider (shapeshifter) (D:15)
  15 swamp dragons
  9 sea snakes
  8 naga ritualists
  An orange crystal statue (Gauntlet)
  A wizard (Depths:1)
  6 bog bodies
  A necromancer (Lair:3)
  25 ugly things
  5 orc knights
  3 lindwurms (Lair:6)
  Pikel (D:4)
  A deep elf pyromancer (D:15)
  17 mana vipers
  5 will-o-the-wisps
  16 salamanders
  An orc sorcerer (Orc:1)
  2 oklob plants (Lair:2)
  4 cyclopes
  6 guardian serpents
  Joseph (D:9)
  6 elephants (Lair:6)
  15 naga magi
  2 manticores
  2 molten gargoyles (Volcano)
  4 centaur zombies
  5 torpor snails (Lair:6)
  12 cane toads
  50 black mambas
  4 gargoyles
  An unseen horror (D:12)
  Maggie (D:10)
  4 rime drakes
  2 efreet
  9 komodo dragons
  A freezing wraith (D:15)
  3 tengu conjurers
  6 trolls
  3 polar bears
  17 hornets
  A dream sheep (Lair:6)
  12 tyrant leeches
  15 blink frogs
  Sigmund (D:2)
  13 slime creatures
  15 spriggans
  Eustachio (D:6)
  A water elemental (D:13)
  48 yaks
  5 fire bats (Volcano)
  2 basilisks
  A wyvern (D:10)
  Grum (D:9)
  5 fire elementals (D:15)
  5 steam dragons
  6 vampire mosquitoes
  3 hogs (Lair:4)
  Menkaure (D:5)
  3 wargs
  44 nagas
  18 swamp worms
  3 acid dragons
  A hell hound (D:15)
  13 water moccasins
  44 orc warriors
  2 ice beasts
  3 sky beasts (D:7)
  10 swamp drakes
  2 black bears
  3 elephant zombies (Lair:3)
  5 ogres
  20 wolves
  24 centaurs
  4 lemures (D:4)
  3 kobold brigands
  6 bullfrogs
  2 komodo dragon zombies (Lair:3)
  A gnoll sergeant (D:9)
  2 wyvern zombies
  A cane toad simulacrum (Lair:3)
  A scorpion (D:6)
  3 killer bees (D:9)
  4 wights (D:9)
  4 howler monkeys
  21 electric eels
  5 lava snakes (Volcano)
  A crimson imp (D:8)
  3 bullfrog zombies
  16 orc priests
  2 centaur skeletons
  3 hounds
  6 iguanas
  2 jellies
  Crazy Yiuf (D:7)
  A bullfrog skeleton (D:5)
  A gnoll shaman (D:9)
  28 orc wizards
  3 hell rats (Lair:6)
  A wolf simulacrum (Lair:3)
  A killer bee zombie (D:7)
  A howler monkey zombie (D:6)
  11 gnolls
  8 river rats (Lair:6)
  4 adders
  2 shadow imps (D:7)
  A white imp (D:8)
  2 ufetubi
  5 worms
  95 orcs
  9 ball pythons
  7 bats
  6 endoplasms
  7 goblins
  5 hobgoblins
  8 jackals
  2 quokkas
  3 frilled lizards
  18 kobolds
  8 rats
1122 creatures vanquished.

Vanquished Creatures (collateral kills)
  3 naga sharpshooters (Snake:4)
  A naga ritualist (Snake:4)
  A mana viper (Snake:4)
  A salamander (Snake:4)
6 creatures vanquished.

Vanquished Creatures (others)
  A black mamba (Snake:4)
  3 bloated husks
  A swamp drake (Swamp:2)
  An orc warrior (Orc:2)
  2 orc wizards (Orc:2)
  39 foxfires
  12 fungi
  117 plants
176 creatures vanquished.

Grand Total: 1304 creatures vanquished

Notes
Turn   | Place    | Note
-------+----------+-------------------------------------------
     0 | D:1      | Gabide the Draconian Monk began the quest for the Orb.
     0 | D:1      | Reached XP level 1. HP: 19/19 MP: 1/1
   290 | D:1      | Reached XP level 2. HP: 25/26 MP: 2/2
  1061 | D:2      | Reached XP level 3. HP: 33/33 MP: 3/3
  1186 | D:2      | Noticed Sigmund
  1204 | D:2      | Killed Sigmund
  1205 | D:2      | Reached skill level 4 in Fighting
  1205 | D:2      | Reached XP level 4. HP: 38/41 MP: 4/4
  1205 | D:2      | Reached XP level 5. HP: 43/47 MP: 5/5
  1800 | D:3      | Found a faded altar of an unknown god.
  1969 | D:3      | HP: 2/47 [orc/+0 trident (2)]
  3005 | D:4      | Reached skill level 1 in Maces & Flails
  3099 | D:4      | Found a basalt altar of Yredelemnul.
  3201 | D:4      | Reached XP level 6. HP: 42/55 MP: 6/6
  3403 | D:4      | Found a staircase to the Ecumenical Temple.
  3420 | Temple   | Entered the Ecumenical Temple
  3481 | Temple   | Became a worshipper of Dithmenos the Shadowed
  3481 | Temple   | Reached * piety under Dithmenos
  3481 | Temple   | Reached ** piety under Dithmenos
  3837 | D:4      | Noticed Pikel
  3859 | D:4      | Killed Pikel
  3860 | D:4      | Reached skill level 5 in Maces & Flails
  3860 | D:4      | Reached skill level 5 in Fighting
  3860 | D:4      | Your scales start taking on a glossy black colour.
  3860 | D:4      | Reached XP level 7. HP: 17/61 MP: 7/7
  3860 | D:4      | Gained mutation: You are resistant to electric shocks.
                  | (rElec) [Black Draconian growth]
  4201 | D:4      | Found Zin's Purification Station.
  4204 | D:4      | Found a glowing silver altar of Zin.
  4207 | D:4      | Bought a potion of curing for 90 gold pieces
  4273 | D:5      | Entered Level 5 of the Dungeon
  4313 | D:5      | Reached skill level 5 in Dodging
  4547 | D:5      | Reached XP level 8. HP: 58/69 MP: 8/8
  4835 | D:5      | Reached skill level 6 in Fighting
  4846 | D:5      | Noticed Menkaure
  4853 | D:5      | Killed Menkaure
  5558 | D:6      | Reached skill level 7 in Fighting
  5583 | D:6      | Reached XP level 9. HP: 70/79 MP: 9/9
  5995 | D:6      | Reached *** piety under Dithmenos
  6031 | D:6      | Found a stormy altar of Qazlal.
  6123 | D:6      | Found an opulent altar of Gozag.
  6125 | D:6      | Found a sparkling altar of Nemelex Xobeh.
  6128 | D:6      | Found a white marble altar of Elyvilon.
  6160 | D:6      | Found a hazy altar of Hepliaklqana.
  6228 | D:6      | Noticed Eustachio
  6263 | D:6      | Killed Eustachio
  6400 | D:6      | Found a shimmering blue altar of Sif Muna.
  6530 | D:7      | Reached skill level 8 in Fighting
  6779 | D:7      | Found a runed translucent door.
  6780 | D:7      | Noticed Crazy Yiuf
  6855 | D:7      | Reached skill level 1 in Shields
  7005 | D:7      | Killed Crazy Yiuf
  7073 | D:8      | Reached **** piety under Dithmenos
  7179 | D:8      | Noticed a two-headed ogre
  7985 | D:7      | Reached XP level 10. HP: 90/90 MP: 10/10
  8005 | D:8      | Killed a two-headed ogre
  8032 | D:8      | Noticed Harold
  8440 | D:9      | Found Anapn's Distillery.
  8449 | D:9      | Reached skill level 9 in Fighting
  8482 | D:9      | Reached skill level 5 in Shields
  8866 | D:8      | Killed Harold
  9629 | D:9      | Found Taug's Magic Scroll Shoppe.
  9635 | D:9      | Bought a scroll of magic mapping for 35 gold pieces
  9635 | D:9      | Bought a scroll of blinking for 75 gold pieces
  9635 | D:9      | Bought a scroll of fear for 35 gold pieces
  9635 | D:9      | Bought a scroll of vulnerability for 75 gold pieces
  9635 | D:9      | Bought a scroll of enchant weapon for 75 gold pieces
  9635 | D:9      | Bought a scroll of enchant armour for 75 gold pieces
  9635 | D:9      | Bought a scroll of magic mapping for 35 gold pieces
  9635 | D:9      | Bought a scroll of noise for 10 gold pieces
  9688 | D:9      | Identified the +6 morningstar "Draconian's Bane" {vorpal,
                  | rC+}
  9736 | D:9      | Noticed Grum
  9743 | D:9      | Noticed Joseph
  9750 | D:9      | Killed Grum
  9751 | D:9      | Reached skill level 10 in Fighting
  9995 | D:9      | Killed Joseph
 10037 | D:9      | Reached XP level 11. HP: 99/99 MP: 11/11
 10042 | D:9      | Reached ***** piety under Dithmenos
 10184 | D:9      | Found Nocab's Distillery.
 10191 | D:9      | Bought a potion of curing for 36 gold pieces
 10256 | D:9      | Noticed an obsidian statue
 10328 | D:9      | Found Oleolup's Distillery.
 10337 | D:9      | Bought a potion of curing for 39 gold pieces
 10424 | D:9      | Found Jyw Umpe's Antique Weapon Emporium.
 10579 | D:9      | Found a glowing golden altar of the Shining One.
 10613 | D:10     | Entered Level 10 of the Dungeon
 10724 | D:10     | Found a staircase to the Lair.
 11016 | D:10     | Found a blossoming altar of Fedhas.
 11179 | D:10     | Noticed a two-headed ogre
 11183 | D:10     | Reached skill level 10 in Maces & Flails
 11194 | D:10     | Killed a two-headed ogre
 11607 | D:10     | Found a staircase to the Orcish Mines.
 11786 | D:10     | Found a snail-covered altar of Cheibriados.
 11867 | D:10     | Reached skill level 11 in Fighting
 12032 | D:10     | Noticed Maggie
 12042 | D:10     | Killed Maggie
 12644 | D:11     | Found Nahypsia's Elemental Accessories.
 12694 | D:11     | Noticed Urug
 12713 | D:11     | Killed Urug
 12784 | D:11     | Reached skill level 10 in Dodging
 13148 | D:11     | Identified a scroll of acquirement
 13149 | D:11     | Acquired 1111 gold pieces
 13259 | D:9      | Bought a jewelled morningstar for 270 gold pieces
 13259 | D:9      | Identified the +7 morningstar of Exacy {vamp, rElec rC+}
                  | (You bought it in a shop on level 9 of the Dungeon)
 13317 | D:9      | Bought a potion of cancellation for 96 gold pieces
 13317 | D:9      | Bought a potion of attraction for 36 gold pieces
 13317 | D:9      | Bought a potion of curing for 36 gold pieces
 13317 | D:9      | Bought a potion of curing for 36 gold pieces
 13317 | D:9      | Bought 2 potions of curing for 72 gold pieces
 13317 | D:9      | Bought a potion of ambrosia for 96 gold pieces
 13317 | D:9      | Bought a potion of curing for 36 gold pieces
 13317 | D:9      | Bought a potion of haste for 120 gold pieces
 13369 | D:9      | Bought a potion of heal wounds for 60 gold pieces
 13369 | D:9      | Bought a potion of degeneration for 12 gold pieces
 13369 | D:9      | Bought a potion of might for 48 gold pieces
 13369 | D:9      | Bought a potion of heal wounds for 60 gold pieces
 13387 | D:9      | Bought a potion of curing for 39 gold pieces
 13387 | D:9      | Bought a potion of curing for 39 gold pieces
 13387 | D:9      | Bought a potion of resistance for 130 gold pieces
 13431 | Lair:1   | Entered Level 1 of the Lair of Beasts
 13789 | Lair:1   | Reached XP level 12. HP: 90/112 MP: 12/12
 13901 | Lair:1   | Reached skill level 12 in Fighting
 14561 | Lair:2   | Noticed a six-headed hydra
 14570 | Lair:2   | Killed a six-headed hydra
 14849 | Lair:2   | Noticed a seven-headed hydra
 14864 | Lair:2   | Killed a seven-headed hydra
 15148 | Lair:2   | Found a staircase to the Snake Pit.
 15151 | Lair:2   | Noticed an eight-headed hydra
 15160 | Lair:2   | Killed an eight-headed hydra
 15478 | Lair:2   | Found a runed translucent door.
 15478 | Lair:2   | Noticed Duralumin's ghost (journeyman FoFi)
 15523 | Lair:2   | Found a staircase to the Swamp.
 15533 | Lair:2   | Reached skill level 13 in Fighting
 15961 | Lair:3   | Found a frozen archway.
 16064 | Lair:3   | Reached ****** piety under Dithmenos
 16232 | Lair:3   | Found a dark tunnel.
 16260 | Volcano  | Entered a volcano
 16437 | Volcano  | Reached XP level 13. HP: 122/122 MP: 13/13
 16441 | Volcano  | Found a bloodstained altar of Trog.
 17130 | Lair:4   | Reached skill level 14 in Fighting
 17150 | Lair:4   | Identified the +1 short sword "Boopte Neum" {elec, rC+}
 17884 | Lair:4   | Noticed Kirke
 17930 | Lair:4   | Killed Kirke
 19017 | Lair:5   | Reached skill level 15 in Fighting
 19249 | Lair:6   | Entered Level 6 of the Lair of Beasts
 19277 | Lair:6   | Gained mutation: Your large and strong wings let you fly.
                  | [Black Draconian growth]
 19277 | Lair:6   | Reached XP level 14. HP: 135/135 MP: 14/14
 19587 | Lair:6   | Found a staircase to the Slime Pits.
 19621 | Lair:6   | Found a gate leading to a gauntlet.
 19667 | Gauntlet | Entered a Gauntlet
 19667 | Gauntlet | Found a transporter.
 19675 | Gauntlet | Found a transporter.
 19677 | Gauntlet | Found a transporter.
 19688 | Gauntlet | Found a transporter.
 19691 | Gauntlet | Found a transporter.
 19702 | Gauntlet | Found a transporter.
 19721 | Gauntlet | Found a transporter.
 19731 | Gauntlet | Found a transporter.
 19741 | Gauntlet | Found a runed translucent gate.
 19742 | Gauntlet | Found a transporter.
 19743 | Gauntlet | Found a runed translucent gate.
 19743 | Gauntlet | Found a runed translucent gate.
 19761 | Gauntlet | Found a transporter.
 19775 | Gauntlet | Found a runed translucent door.
 19776 | Gauntlet | Found a transporter.
 19776 | Gauntlet | Found a transporter.
 19777 | Gauntlet | Found a runed translucent door.
 19818 | Gauntlet | Found a runed translucent door.
 19822 | Gauntlet | Found a runed translucent door.
 19824 | Gauntlet | Found a transporter.
 19838 | Gauntlet | Found a transporter.
 20070 | Gauntlet | Identified the ring of Hisuf {Will+ Str+4 Int+6 SInv}
 21682 | Lair:6   | Found a runed translucent door.
 22007 | Lair:6   | Identified the +9 hunting sling of Socog {venom, Dex+2}
 22094 | Lair:6   | Reached skill level 16 in Fighting
 23155 | D:11     | Found a runed translucent door.
 23193 | D:11     | Reached skill level 15 in Maces & Flails
 23717 | D:12     | Noticed Rupert
 23729 | D:12     | Killed Rupert
 23987 | D:12     | You are sucked into a shaft and drop 3 floors!
 23987 | D:15     | Entered Level 15 of the Dungeon
 25288 | D:12     | Found Kidemien's Changing Room.
 25296 | D:12     | Bought a potion of mutation for 88 gold pieces
 25375 | D:12     | Reached XP level 15. HP: 145/145 MP: 10/15
 27207 | D:13     | Found a gate to the Vaults.
 27448 | Swamp:1  | Entered Level 1 of the Swamp
 27510 | Lair:2   | Killed Duralumin's ghost
 27748 | Swamp:1  | Noticed a fenstrider witch
 27753 | Swamp:1  | Reached skill level 17 in Fighting
 27761 | Swamp:1  | Killed a fenstrider witch
 28100 | Swamp:1  | Noticed Louise
 28138 | Swamp:1  | Killed Louise
 28567 | Swamp:1  | Acquired a manual of Fighting
 29298 | Swamp:2  | HP: 7/147 [poison (poison gas)]
 30306 | Lair:2   | HP: 5/147 [poisoned by a swamp dragon (poison gas)]
 30935 | Swamp:1  | Reached skill level 15 in Dodging
 33027 | Swamp:3  | Reached skill level 18 in Fighting
 33528 | Swamp:3  | Identified Roxanne's Almanac of Shape Shifting
 33528 | Swamp:3  | Noticed Roxanne
 33553 | Swamp:3  | Killed Roxanne
 34170 | Swamp:4  | Entered Level 4 of the Swamp
 34198 | Swamp:4  | Noticed a tentacled monstrosity
 34213 | Swamp:4  | Killed a tentacled monstrosity
 34861 | Swamp:4  | Reached XP level 16. HP: 159/159 MP: 4/16
 35979 | Swamp:4  | Reached skill level 19 in Fighting
 36036 | Swamp:4  | HP: 4/160 [seven-headed hydra (6)]
 36633 | Swamp:4  | Noticed the 27-headed Lernaean hydra
 36650 | Swamp:4  | Killed the 27-headed Lernaean hydra
 37347 | Swamp:4  | Got a decaying rune of Zot
 37878 | Orc:1    | Entered Level 1 of the Orcish Mines
 38336 | Orc:2    | Entered Level 2 of the Orcish Mines
 38372 | Orc:2    | Reached skill level 20 in Fighting
 38675 | Orc:2    | Found a staircase to the Elven Halls.
 38923 | Orc:2    | Found Vumadol's Assorted Antiques.
 38923 | Orc:2    | Found Petti's Magic Scroll Shoppe.
 38923 | Orc:2    | Found Coejer Libest's Antique Armour Emporium.
 38926 | Orc:2    | Found Romamy's Weapon Boutique.
 38930 | Orc:2    | Bought a scroll of enchant weapon for 127 gold pieces
 38931 | Orc:2    | Bought a scroll of brand weapon for 260 gold pieces
 38931 | Orc:2    | Bought a scroll of teleportation for 39 gold pieces
 38931 | Orc:2    | Bought a scroll of teleportation for 39 gold pieces
 38931 | Orc:2    | Bought a scroll of teleportation for 39 gold pieces
 39436 | Snake:1  | Entered Level 1 of the Snake Pit
 39463 | Snake:1  | You are sucked into a shaft and drop 1 floor!
 39840 | Snake:1  | Noticed Jorgrun
 39863 | Snake:1  | Killed Jorgrun
 40539 | Snake:1  | Noticed Aizul
 40556 | Snake:1  | Killed Aizul
 41441 | Snake:1  | Noticed Mlioglotl
 41453 | Snake:1  | Killed Mlioglotl
 41687 | Snake:2  | Reached skill level 21 in Fighting
 41706 | Snake:2  | Reached XP level 17. HP: 141/173 MP: 2/17
 42120 | Snake:2  | Found a glowing golden altar of the Shining One.
 46379 | Snake:4  | Entered Level 4 of the Snake Pit
 46868 | Snake:4  | Noticed Vashnia
 46881 | Snake:4  | Reached skill level 22 in Fighting
 46895 | Snake:4  | Killed Vashnia
 48437 | Snake:4  | Reached XP level 18. HP: 115/185 MP: 7/18
 49701 | Snake:4  | Got a serpentine rune of Zot
 51825 | D:15     | Reached skill level 23 in Fighting
 52000 | D:15     | Noticed Azrael
 52010 | D:15     | Killed Azrael
 52251 | D:15     | Found a staircase to the Depths.
 52852 | Depths:1 | Entered Level 1 of the Depths
 52852 | Depths:1 | Noticed Nikola
 52864 | Depths:1 | Killed Nikola
 52932 | Depths:1 | Found a gateway to Hell.
 53522 | Depths:1 | Found a transporter.
 53540 | Depths:1 | Noticed a juggernaut
 53925 | Depths:1 | Noticed Etaloh's ghost (adept TeAE)
 53926 | Depths:1 | Noticed a juggernaut
 53936 | Depths:1 | Found a transporter.
 53938 | Depths:1 | Found a transporter.
 53975 | Depths:1 | Found a transporter.
 53982 | Depths:1 | Found a transporter.
 53983 | Depths:1 | Found a transporter.
 53991 | Depths:1 | Found a transporter.
 54005 | Depths:1 | Reached XP level 19. HP: 119/195 MP: 0/19
 54050 | Depths:1 | Noticed the Enchantress
 54062 | Depths:1 | Killed the Enchantress
 54096 | Depths:1 | Killed from afar by a fire giant

Illustrated notes

Levels and vault maps discovered:
D:1:      eino_arrival_tree_alley, layout_loops_ring
D:2:      minmay_alternating_diamond, layout_basic, corexii_shack,
          hangedman_decor_points, uniq_sigmund
D:3:      layout_loops_corners, dreamdust_ecumenical_altar_grove,
          kennysheep_generic_room_4
D:4:      layout_cave_pools, zin_purify, amcnicky_altar_gilded,
          minmay_temple_entry_glassed_door, uniq_pikel
D:5:      layout_loops_cross, kennysheep_boxes, uniq_menkaure
D:6:      layout_basic, led_sif_pool, minitemple, nzn_hepliaklqana_mist_gate,
          uniq_eustachio
D:7:      layout_rooms, uniq_crazy_yiuf_cottage
D:8:      layout_cave_pools, special_room [special_room_orc],
          minmay_fire_ice_demons, uniq_harold
D:9:      layout_rooms, general_overflow_altar, serial_shops, shop,
          nicolae_shop_hallway_plus, shop, nicolae_diamond_shop,
          nicolae_shop_statue_plus, minmay_protected_statue, uniq_joseph,
          uniq_grum
D:10:     layout_small_grid, slow_altar_2, mainiacjoe_overflow_chevrons,
          erik_lair_orcish_takeover, david_orc_4, serial_bayou,
          serial_bayou_crossing, serial_bayou_ford_a, serial_bayou_lagoon_a,
          serial_bayou_pond_b, enter_bailey_4, uniq_maggie
D:11:     layout_loops_corners, minivault_1, hangedman_decor_clover_reticule,
          nicolae_elemental_shop, lightli_church_of_beogh, uniq_urug
D:12:     layout_loops_corners, nicolae_transmutations_shop, uniq_rupert
D:13:     layout_basic, david_vaults_4
D:14:     layout_stronghold, nrook_campfire, minivault_5
D:15:     gammafunk_enter_depths_forms, layout_basic,
          hangedman_decor_peaks_small, uniq_azrael
Temple:   minmay_temple_curvy_loop
Lair:1:   layout_chaotic_city, nicolae_quartered_pool_impasse,
          infiniplex_staircase_pool_2, grunt_megastairs_2, lemuel_fruit_tree
Lair:2:   minmay_lair_oklob_chamber, layout_small_grid,
          skrybe_swamp_entry_bodies, minmay_snake_entry_guardpost_small,
          ebering_ghost_inner_flame
Lair:3:   pond_and_an_island_with_a_cottage, layout_chaotic_city,
          portal_ice_cave_entry_ice_simulacra, nicolae_volcano_entry_lava_flow,
          nicolae_lair_lil_pond
Lair:4:   layout_gridlike, forest_entry_grove, uniq_kirke
Lair:5:   layout_misc_corridors, serial_bayou_lagoon_b
Lair:6:   guppyfry_lair_end_dragon, layout_loops_ring, wormcave,
          dpeg_slime_entry_corner, gauntlet_entry_generic, st_stairs_10,
          kennysheep_abandoned_house
Swamp:1:  layout_basic_swamp, evilmike_swamp_ruin_house_1, uniq_louise
Swamp:2:  nicolae_swamp_secret_spriggan_hideout, layout_basic_swamp,
          evilmike_swamp_ruin_house_6, swamp_pool3
Swamp:3:  layout_falls_marsh, serial_swamp_ruin, evilmike_swamp_ruin_rubble_1,
          evilmike_swamp_ruin_house_4, evilmike_swamp_ruin_house_5, swamp_pool1,
          uniq_roxanne
Swamp:4:  swamp_old_school, layout_basic_swamp, swamp_pool4,
          cheibrodos_swamp_witchery
Snake:1:  layout_basic, nicolae_snake_snake_lake, uniq_jorgrun, uniq_aizul,
          uniq_mlioglotl
Snake:2:  layout_cave_town, basic_altar, hangedman_snake_corridor_split
Snake:3:  layout_grid_shapes
Snake:4:  grunt_snake_rune_pools, layout_grid_maze, drop_trap, st_stairs_11,
          nicolae_snake_mages_go_home, uniq_vashnia
Orc:1:    layout_diamond_mine
Orc:2:    st_orc_rangers, layout_caves
Depths:1: layout_roguey, grunt_mini_vestibule, minmay_crystal_water,
          gammafunk_ghost_wrathful_warriors, minmay_misc_feat_room,
          kennysheep_nondescript, hangedman_abyss_or_decor_clamps,
          serial_nicolae_subway, nicolae_sub_station_crystal,
          nicolae_sub_station_stone, nicolae_sub_station_metal,
          serial_bayou_shore_b, uniq_nikola, uniq_enchantress

Skill      XL: |  1  2  3  4  5  6  7  8  9 10 11 12 13 14 15 16 17 18 |
---------------+-------------------------------------------------------+-----
Dodging        | 3 4 5 6 7 9 10 11 13 14 15 16 17 18 | 18.8
Fighting       | 4 5 7 8 10 11 13 15 16 18 21 22 23 | 23.4
Unarmed Combat | 4 |  4.4
Maces & Flails | 1 5 6 8 9 11 12 14 15 16 17 19 20 | 20.2
Shields        | 3 5 |  5.0
Stealth        | |  1.7

Action                   |  1- 3 |  4- 6 |  7- 9 | 10-12 | 13-15 | 16-18 | 19-21 || total
-------------------------+-------+-------+-------+-------+-------+-------+-------++-------
Melee: Unarmed           |   107 |    48 |       |       |    19 |       |       ||   174
       Punch             |     3 |     8 |    19 |       |       |       |       ||    30
       Tailslap          |    10 |    20 |    73 |   142 |   292 |   352 |     5 ||   894
       Demon whip        |       |    88 |   342 |   406 |   615 |  1314 |    35 ||  2800
       Morningstar       |       |       |       |   316 |   688 |   342 |       ||  1346
Throw: Dart              |       |       |       |     1 |       |       |       ||     1
       Throwing net      |       |       |       |     1 |       |       |       ||     1
Invok: Shadow Step       |       |       |       |       |     1 |     2 |       ||     3
 Abil: Breathe Lightning |       |       |     7 |    12 |     3 |    11 |     1 ||    34
Evoke: Wand              |       |       |       |     1 |     2 |     9 |       ||    12
       Lightning rod     |       |       |       |       |     4 |       |       ||     4
  Use: Scroll            |       |     3 |     6 |    22 |    14 |    14 |       ||    59
       Potion            |       |     1 |       |       |    13 |    17 |       ||    31
 Stab: Sleeping          |     5 |     5 |    11 |    18 |    32 |    22 |       ||    93
       Distracted        |       |       |       |     2 |     5 |     4 |       ||    11
       Held in net/web   |       |       |       |     1 |       |       |       ||     1
       Invisible         |       |       |       |       |     4 |     2 |       ||     6
Armor: Skin              |    27 |    36 |    75 |   112 |   199 |   294 |     2 ||   745
Dodge: Dodged            |    70 |   113 |   300 |   597 |  1086 |  1397 |    15 ||  3578
Block: Buckler           |       |       |    38 |   309 |   447 |   581 |    10 ||  1385
